 Dungeon Crawl Stone Soup version 0.27.1-4-g1640c2035a (webtiles) character file.

Game seed: 8319178619164724163

43246 Johnny the Fencer (level 14, -7/103 HPs)
             Began as a Human Berserker on Nov 2, 2021.
             Was a Priest of Trog.
             Mangled by Louise (17 damage)
             ... on level 15 of the Dungeon.
             The game lasted 00:20:47 (18680 turns).

Johnny the Fencer (Human Berserker)                Turns: 18680, Time: 00:20:47

Health: -7/103     AC: 32    Str: 22    XL:     14   Next: 59%
Magic:  14/14      EV:  7    Int:  8    God:    Trog [***...]
Gold:   545        SH:  0    Dex: 17    Spells: 13/13 levels left

rFire    + . .     SeeInvis .   b - +0 scimitar (flame)
rCold    + . .     Faith    .   (no shield)
rNeg     . . .     Spirit   .   E - +3 gold dragon scales
rPois    +         Reflect  .   s - +0 helmet
rElec    .         Harm     .   p - +1 cloak
rCorr    .         Rampage  .   J - +0 pair of gloves of Hubris {Dex+4 Slay+3}
Will     +++..                  (no boots)
Stlth    ..........             (no amulet)
HPRegen  1.27/turn              y - +4 ring of protection
MPRegen  0.14/turn              n - +4 ring of protection

@: strong-willed, on berserk cooldown, regenerating, slowed, very slow
A: no striking features
a: Renounce Religion, Berserk, Trog's Hand


You were on level 15 of the Dungeon.
You worshipped Trog.
Trog was most pleased with you.
You visited 1 branch of the dungeon, and saw 15 of its levels.
You visited the Abyss 1 time.
You also visited: Bailey and Ice Cave.

You collected 872 gold pieces.
You spent 327 gold pieces at shops.

Inventory:

Hand Weapons
 a - a +4 scimitar of freezing
 b - a +0 scimitar of flaming (weapon)
 x - a +9 vorpal great sword
Missiles
 f - 2 throwing nets (quivered)
Armour
 o - a +0 pair of gloves of stealth
 p - a +1 cloak (worn)
 s - a +0 helmet (worn)
 w - a +2 pair of gloves of strength
 E - +3 gold dragon scales (worn)
 F - the +0 pair of fencer's gloves {Riposte Dex+3}
   (You found it in an ice cave)

   It allows the wearer to riposte with any weapon, or to riposte more often
   with a long blade, swiftly retaliating against a missed attack.
   Dex:       It affects your dexterity (+3).
 J - the +0 pair of gloves of Hubris (worn) {Dex+4 Slay+3}
   (You found it on level 8 of the Dungeon)

   Dex:       It affects your dexterity (+4).
   Slay:      It affects your accuracy & damage with ranged weapons and melee
   (+3).
Jewellery
 k - an amulet of faith
 n - a +4 ring of protection (right hand)
 r - a ring of poison resistance
 y - a +4 ring of protection (left hand)
 D - a ring of ice
 G - a +6 ring of strength
 K - a ring of willpower
Wands
 g - a wand of acid (10)
 A - a wand of paralysis (2)
 I - a wand of polymorph (10)
Scrolls
 c - 2 scrolls of fog
 q - 2 scrolls of torment
 t - 2 scrolls of noise
 u - a scroll of amnesia
 v - 3 scrolls of immolation
 z - a scroll of holy word
Potions
 d - 5 potions of degeneration
 e - 2 potions of curing
 i - 3 potions of haste
 j - 2 potions of might
 l - 4 potions of heal wounds {unknown}
 m - 3 potions of attraction {unknown}
 B - a potion of flight
 C - 2 potions of mutation {unknown}
Miscellaneous
 h - a condenser vane (inert)


   Skills:
 - Level 7.1 Fighting
 * Level 18.9 Long Blades
 - Level 7.8 Armour
 + Level 9.9 Dodging


You had 13 spell levels left.
You didn't know any spells.
Your spell library was empty.

Dungeon Overview and Level Annotations

Branches:
Dungeon (15/15)            Temple (0/1) D:7            Lair (0/6) D:10
    Orc (0/2) D:9          Bailey (visited)           IceCv (visited)
 Vaults: D:13-14     Depths: D:15

Altars:
Elyvilon
Gozag
Hepliaklqana
Kikubaaqudgha
Makhleb
Ru
Trog
Uskayaw
The Shining One

Shops:
D:3 ?   D:4 (   D:5 !   D:6 [   D:8 *

Annotations:
D:3 3 runed translucent doors, harness's ghost, amateur TeAE
D:9 Psyche
D:14 Snorg
D:15 Louise


Message History

You are too injured to fight recklessly!
You are too injured to fight recklessly!
You are too injured to fight recklessly!
You are too injured to fight recklessly!
You are too injured to fight recklessly!
You are too injured to fight recklessly!
You are too injured to fight recklessly!
You are too injured to fight recklessly!
You are too injured to fight recklessly!
Okay, then.
Okay, then.
Clouds of poison gas condense around you!
The condenser dries out!
Louise is engulfed in poison gas.
Louise is poisoned.
Louise hits you but does no damage.
Your skin crawls.
You feel strong-willed.
You can no longer call in reinforcements.
Louise is engulfed in poison gas.
Louise looks even sicker.
Louise hits you but does no damage.
You are electrocuted!!
* * * LOW HITPOINT WARNING * * *
Louise is engulfed in poison gas.
Louise looks even sicker.
Louise hits you with a +1 demon trident of electrocution.
* * * LOW HITPOINT WARNING * * *
You feel better.
Louise is engulfed in poison gas.
Louise looks as sick as possible!
Louise hits you with a +1 demon trident of electrocution!
* * * LOW HITPOINT WARNING * * *
You are electrocuted!!
* * * LOW HITPOINT WARNING * * *
Okay, then.
Okay, then.
You feel better.
Louise is engulfed in poison gas.
Louise looks as sick as possible!
Louise hits you but does no damage.
Louise is engulfed in poison gas.
Louise looks as sick as possible!
Louise hits you but does no damage.
You are electrocuted!
* * * LOW HITPOINT WARNING * * *
You feel better.
Louise is engulfed in poison gas.
Louise looks as sick as possible!
Louise hits you but does no damage.
You are electrocuted!
You die...

.........##..# #.#
.........##..# #.#
.........##..# #.#
.........##..# #.#
.........##..# #.#
..<......##..# #.#
.........##..####.#
.........##.......#
.........##...§§@.#
.........##...§@§.#
.........##..!§§§.#
..................#
..................#
.........###......#
####. #......# #
#......# #


You could see Louise (extremely poisoned).

Vanquished Creatures
  A lich (IceCv)
  A tentacled starspawn (Abyss:1)
  Frances (D:12)
  A very ugly thing (IceCv)
  5 boulder beetles
  4 caustic shrike simulacra (IceCv)
  2 hydras
  5 two-headed ogres
  A wretched star (Abyss:2)
  2 deep trolls (D:15)
  3 large abominations
  2 bog bodies (IceCv)
  An obsidian statue (IceCv)
  A deep elf pyromancer (D:15)
  A necromancer (IceCv)
  9 ugly things
  A manticore (D:11)
  Maggie (D:6)
  Joseph (D:10)
  A smoke demon (Abyss:1)
  An efreet (D:15)
  2 ice devils (IceCv)
  20 freezing wraiths
  2 komodo dragons (D:10)
  2 anaconda simulacra (IceCv)
  A golden dragon simulacrum (IceCv)
  2 trolls (D:10)
  3 slime creatures
  Grinder (D:4)
  2 wraiths
  5 dire elephant simulacra (IceCv)
  2 wyverns
  2 spriggan simulacra (IceCv)
  3 yaks (D:11)
  2 minotaur simulacra (IceCv)
  5 vampire mosquitoes
  A harpy simulacrum (IceCv)
  2 acid dragons
  2 water moccasins
  A hydra simulacrum (IceCv)
  A black bear (D:8)
  An ettin simulacrum (IceCv)
  An ice beast (D:7)
  8 orc warriors
  2 alligator simulacra (IceCv)
  A sky beast (D:5)
  An ogre (D:6)
  3 centaurs
  2 kobold brigands (D:9)
  A bullfrog (D:8)
  8 gnoll sergeants (Bailey)
  A small abomination (Abyss:1)
  A wyvern skeleton (D:5)
  4 lindwurm simulacra (IceCv)
  4 killer bees (D:11)
  4 wights (D:7)
  4 howler monkeys
  3 centaur zombies
  2 hounds (Bailey)
  A quasit (Abyss:1)
  2 bullfrog skeletons
  2 centaur skeletons
  3 jellies
  Crazy Yiuf (D:2)
  6 gnoll shamans (Bailey)
  9 orc priests
  2 iguanas
  16 orc wizards
  Robin (D:4)
  10 adders
  15 gnolls
  2 shadow imps
  A white imp (D:6)
  2 ufetubi
  3 worms
  5 dart slugs
  28 orcs
  10 endoplasms
  4 giant cockroaches
  22 goblins
  10 hobgoblins
  3 jackals (D:4)
  16 kobolds
  3 quokkas
  4 ball pythons
  3 bats
  4 frilled lizards
  9 rats
354 creatures vanquished.

Vanquished Creatures (collateral kills)
  A two-headed ogre (D:11)
  A centaur (D:11)
2 creatures vanquished.

Vanquished Creatures (others)
  An orc wizard (D:7)
  4 plants (D:10)
  3 starspawn tentacles (Abyss:1)
8 creatures vanquished.

Grand Total: 364 creatures vanquished

Notes
Turn   | Place    | Note
-------+----------+-------------------------------------------
     0 | D:1      | Johnny the Human Berserker began the quest for the Orb.
     0 | D:1      | Reached XP level 1. HP: 18/18 MP: 1/1
    83 | D:1      | Reached XP level 2. HP: 12/24 MP: 2/2
   253 | D:1      | Found a faded altar of an unknown god.
   841 | D:1      | Reached XP level 3. HP: 28/29 MP: 3/3
  1287 | D:2      | Reached ** piety under Trog
  1362 | D:2      | Reached skill level 4 in Long Blades
  1523 | D:2      | Reached XP level 4. HP: 35/35 MP: 4/4
  1990 | D:2      | Found a runed translucent door.
  1991 | D:2      | Noticed Crazy Yiuf
  2254 | D:2      | Killed Crazy Yiuf
  2255 | D:2      | Reached XP level 5. HP: 42/42 MP: 5/5
  2510 | D:3      | Reached skill level 5 in Long Blades
  2671 | D:3      | Found a runed translucent gate.
  2671 | D:3      | Found a runed translucent gate.
  2679 | D:3      | Reached XP level 6. HP: 48/48 MP: 6/6
  2697 | D:3      | Found a runed translucent gate.
  2914 | D:3      | Noticed harness's ghost (amateur TeAE)
  3289 | D:3      | Found Plog's Magic Scroll Shop.
  3294 | D:3      | Bought 2 scrolls of fear for 70 gold pieces
  3294 | D:3      | Bought 2 scrolls of identify for 40 gold pieces
  3294 | D:3      | Bought a scroll of identify for 20 gold pieces
  3406 | D:4      | Reached skill level 6 in Long Blades
  3759 | D:4      | Noticed Robin
  3795 | D:4      | Reached XP level 7. HP: 53/55 MP: 7/7
  3840 | D:4      | Killed Robin
  3922 | D:4      | Reached *** piety under Trog
  4129 | D:4      | Found Qofuz's Antique Weapon Emporium.
  4322 | D:4      | Noticed Grinder
  4334 | D:4      | Killed Grinder
  4335 | D:4      | Reached skill level 5 in Fighting
  4335 | D:4      | Reached skill level 7 in Long Blades
  4590 | D:4      | Found a glowing golden altar of the Shining One.
  4600 | D:4      | Found a sacrificial altar of Ru.
  4600 | D:4      | Found a white marble altar of Elyvilon.
  4881 | D:5      | Entered Level 5 of the Dungeon
  4971 | D:5      | Reached XP level 8. HP: 44/63 MP: 8/8
  5430 | D:5      | Found Lithryal's Distillery.
  5434 | D:5      | Bought a potion of curing for 42 gold pieces
  5479 | D:5      | Noticed a moth of wrath
  5482 | D:5      | Found a bloodstained altar of Trog.
  5676 | D:6      | Noticed Maggie
  5699 | D:6      | Killed Maggie
  5700 | D:6      | Reached skill level 8 in Long Blades
  5913 | D:6      | Found a burning altar of Makhleb.
  6024 | D:6      | Reached skill level 9 in Long Blades
  6024 | D:6      | Reached XP level 9. HP: 50/71 MP: 9/9
  6367 | D:6      | Reached **** piety under Trog
  6923 | D:6      | Found Zapae's Antique Armour Shop.
  7045 | D:6      | Found a hazy altar of Hepliaklqana.
  7153 | D:3      | Bought a scroll of identify for 20 gold pieces
  7153 | D:3      | Bought a scroll of identify for 20 gold pieces
  7153 | D:3      | Bought a scroll of identify for 20 gold pieces
  7153 | D:3      | Bought a scroll of summoning for 95 gold pieces
  7153 | D:3      | Identified 2 scrolls of acquirement
  7156 | D:3      | Acquired +2 gold dragon scales
  7172 | D:3      | Acquired a +7 vorpal great sword
  7358 | D:7      | Found a staircase to the Ecumenical Temple.
  7375 | D:7      | Reached skill level 10 in Long Blades
  8057 | D:7      | Found an ancient bone altar of Kikubaaqudgha.
  8241 | D:8      | Found a hide-covered altar of Uskayaw.
  8339 | D:8      | Found Zecusos's General Store.
  8365 | D:8      | Identified the +0 pair of gloves of Hubris {Dex+4 Slay+3}
  8403 | D:8      | Found an opulent altar of Gozag.
  8477 | D:8      | Found a flagged portal.
  8505 | D:8      | Reached skill level 11 in Long Blades
  8666 | Bailey   | Entered a bailey
  8908 | Bailey   | Reached XP level 10. HP: 77/79 MP: 10/10
  9117 | Bailey   | Reached skill level 12 in Long Blades
 10192 | D:8      | Noticed a two-headed ogre
 10200 | D:8      | Killed a two-headed ogre
 10411 | D:9      | Noticed an eight-headed hydra
 10411 | D:9      | Noticed a boulder beetle
 10429 | D:9      | Killed an 11-headed hydra
 10430 | D:9      | Reached skill level 5 in Armour
 10437 | D:9      | Killed a boulder beetle
 10438 | D:9      | Reached skill level 13 in Long Blades
 10438 | D:9      | Reached XP level 11. HP: 84/84 MP: 11/11
 10661 | D:9      | HP: 1/84 [orc priest/divine providence (14)]
 10952 | D:9      | Noticed a two-headed ogre
 10962 | D:9      | Killed a two-headed ogre
 11032 | D:9      | Noticed Psyche
 11047 | D:9      | Cast into level 1 of the Abyss (Psyche)
 11125 | Abyss:1  | Noticed a large abomination
 11139 | Abyss:1  | Noticed a tentacled starspawn
 11161 | Abyss:1  | Killed a large abomination
 11162 | Abyss:1  | Reached skill level 14 in Long Blades
 11173 | Abyss:1  | Killed a tentacled starspawn
 11284 | Abyss:1  | Noticed a Hell Sentinel
 11294 | Abyss:1  | Noticed an orb spider
 11468 | Abyss:2  | Noticed a wretched star
 11493 | Abyss:2  | Killed a wretched star
 11496 | D:9      | Escaped the Abyss
 11782 | D:9      | Reached XP level 12. HP: 82/91 MP: 12/12
 12047 | D:9      | Found a staircase to the Orcish Mines.
 12542 | D:10     | Entered Level 10 of the Dungeon
 12646 | D:10     | Reached skill level 15 in Long Blades
 12939 | D:10     | Noticed Joseph
 12961 | D:10     | Killed Joseph
 13038 | D:10     | Noticed a two-headed ogre
 13053 | D:10     | Killed a two-headed ogre
 13570 | D:10     | Found a staircase to the Lair.
 13619 | D:11     | Noticed a two-headed ogre
 13627 | D:11     | Killed a two-headed ogre
 13674 | D:11     | Noticed a two-headed ogre
 13694 | D:11     | Killed a two-headed ogre
 13897 | D:11     | Noticed a two-headed ogre
 13921 | D:11     | Killed a two-headed ogre
 14143 | D:11     | Reached skill level 5 in Dodging
 14260 | D:11     | Reached skill level 16 in Long Blades
 14696 | D:12     | Noticed a six-headed hydra
 14712 | D:12     | Killed a ten-headed hydra
 14752 | D:12     | Noticed a boulder beetle
 14757 | D:12     | Noticed Frances
 14787 | D:12     | Noticed a soul eater
 15041 | D:12     | Killed Frances
 15042 | D:12     | Reached XP level 13. HP: 75/96 MP: 13/13
 15046 | D:12     | Killed a boulder beetle
 15284 | D:12     | Noticed a boulder beetle
 15298 | D:12     | Killed a boulder beetle
 15368 | D:12     | You fall into a shaft and drop 3 floors!
 15368 | D:15     | Entered Level 15 of the Dungeon
 15423 | D:15     | Noticed a boulder beetle
 15453 | D:15     | Reached skill level 17 in Long Blades
 15461 | D:15     | Killed a boulder beetle
 15560 | D:15     | Noticed an ettin
 15686 | D:15     | Found a frozen archway.
 15704 | IceCv    | Entered an ice cave
 16162 | IceCv    | Noticed a white very ugly thing
 16177 | IceCv    | Killed a white very ugly thing
 17016 | IceCv    | Found the +0 pair of fencer's gloves {Riposte Dex+3}
 17204 | IceCv    | Found an ancient bone altar of Kikubaaqudgha.
 17227 | IceCv    | Reached XP level 14. HP: 101/103 MP: 14/14
 17237 | IceCv    | Reached skill level 18 in Long Blades
 17689 | IceCv    | Noticed a lich
 17833 | IceCv    | Killed a lich
 18544 | D:14     | Noticed Snorg
 18652 | D:15     | Noticed Louise
 18679 | D:15     | HP: 3/103 [Louise (15)]
 18680 | D:15     | Mangled by Louise

Illustrated notes

Levels and vault maps discovered:
D:1:      roderic_dead_forest, layout_loops_ring,
          hellmonk_ecumenical_altar_zigzags
D:2:      layout_basic, minmay_misc_feat_columns, roderic_lattice_a,
          uniq_crazy_yiuf_cottage
D:3:      layout_basic, serial_shops, shop, gammafunk_ghost_split,
          minmay_misc_feat_diagonals, minmay_close_crescents
D:4:      kennysheep_goblin_castle, layout_basic, minitemple, serial_shops,
          shop, uniq_grinder
D:5:      layout_rooms, tgw_trog, serial_shops, shop
D:6:      layout_basic, mainiacjoe_overflow_swirl, serial_shops,
          nicolae_shop_stone, uniq_maggie
D:7:      layout_basic, kiku_gazebo_pond_becter, minmay_temple_entry_tees,
          hangedman_decor_peaks_small
D:8:      layout_loops_cross, old_standard_altar,
          mainiacjoe_overflow_tiny_flanked, serial_shops, shop, enter_bailey_4,
          serial_bayou_pond_e
D:9:      layout_basic, david_orc_4, special_room [special_room_orc],
          dk_vineyard_3, minmay_diamond_spiral, uniq_psyche
D:10:     layout_roguey, david_lair_shrubbed, uniq_joseph
D:11:     layout_cross, serial_glass, glass_columns_a, glass_columns_a,
          glass_columns_c, glass_columns_b
D:12:     layout_basic, serial_shops, bzr_entry_safe, uniq_frances
D:13:     layout_loops_ring, minmay_checkerbox
D:14:     layout_cave_pools, erik_vaults_1, fedhas_altar_fruit_tree, uniq_snorg
D:15:     hangedman_depths_entry_civil_slaughter, layout_long_grid,
          minmay_misc_feat_iff, portal_ice_cave_entry_frozen_things,
          nicolae_specific_store, uniq_louise

Skill      XL: |  1  2  3  4  5  6  7  8  9 10 11 12 13 14 |
---------------+-------------------------------------------+-----
Long Blades    | 4 5 6 7 9 11 13 14 16 17 18 | 18.9
Fighting       | 4 5 6 7 |  7.1
Armour         | 5 7 |  7.8
Dodging        | 6 8 9 |  9.9

Action                   |  1- 3 |  4- 6 |  7- 9 | 10-12 | 13-15 || total
-------------------------+-------+-------+-------+-------+-------++-------
Melee: Falchion          |    91 |   197 |   388 |   529 |       ||  1205
       Great sword       |       |       |       |    31 |    21 ||    52
       Scimitar          |       |       |       |       |   300 ||   300
Throw: Throwing net      |       |       |       |     4 |       ||     4
Invok: Berserk           |     2 |     4 |     7 |    19 |    15 ||    47
       Trog's Hand       |       |     1 |     3 |    17 |    15 ||    36
       Brothers in Arms  |       |       |       |     1 |     1 ||     2
Evoke: Wand              |       |       |     8 |    75 |    14 ||    97
       Condenser vane    |       |       |       |       |     1 ||     1
  Use: Scroll            |       |     8 |     8 |    11 |     4 ||    31
       Potion            |       |       |       |     3 |     4 ||     7
 Stab: Held in net/web   |       |       |       |     3 |       ||     3
       Invisible         |       |       |       |       |     1 ||     1
Armor: Animal skin       |     4 |       |       |       |       ||     4
       Scale mail        |    26 |    93 |    67 |       |       ||   186
       Skin              |       |       |    16 |       |       ||    16
       Steam dragon scal |       |       |    29 |       |       ||    29
       Gold dragon scale |       |       |   180 |   427 |   255 ||   862
Dodge: Dodged            |    47 |    96 |   146 |   126 |    82 ||   497
       Rpst.: Falchion   |    14 |    33 |    44 |    26 |       ||   117
       Great sword       |       |       |       |     2 |     1 ||     3
       Scimitar          |       |       |       |       |    21 ||    21
